AoeStats
← MongoJuice

Hill Fort

504238806Analyzed
2v2 RM · 29d ago on Sep 4, 2026· 46m 42s· 4 players
Game mode
Random Map
Map size
Medium (4 player)
Population
200
Speed
Normal
Resources
Standard
Victory
Conquest
Starting age
Dark Age
Ending age
Imperial Age
RankedLock teamsTeams togetherTeam positionsShared explorationLock speedFull tech treeHidden civsTurbo modeCheats
Victory
Defeat
🇩🇪 Teutons · Germany
1223
+16
🇩🇪 Japanese · Germany
1222
+16
🇨🇳 Huns · China
1281
-18
🇨🇳 Goths · China
1176
-14
xcleenerx
8:54 Feudal Age
9:22 Man-at-Arms
10:45 Loom
14:38 Double-Bit Axe
15:10 Arson
21:01 Castle Age
21:06 Gold Mining
21:08 Pikeman
21:49 Squires
23:03 Fletching
23:14 Scale Mail Armor
25:21 Town Watch
25:47 Horse Collar
27:04 Wheelbarrow
27:24 Chain Mail Armor
27:07 Bodkin Arrow
30:29 Long Swordsman
32:38 Bow Saw
33:32 Padded Archer Armor
33:45 Bloodlines
33:36 Husbandry
35:09 Ballistics
36:39 Hand Cart
39:26 Imperial Age
37:52 Thumb Ring
40:06 Bracer
41:20 Chemistry
40:28 Heavy Cavalry Archer
41:43 Parthian Tactics
41:48 Leather Archer Armor
42:29 Two-Handed Swordsman
42:56 Gambesons
43:33 Chain Mail Armor
Moriarty
9:19 Feudal Age
7:35 Loom
10:50 Fletching
11:23 Double-Bit Axe
22:10 Castle Age
20:48 Horse Collar
22:07 Wheelbarrow
22:04 Scale Mail Armor
23:33 Heavy Plow
23:46 Bow Saw
24:03 Stone Mining
24:43 Gold Mining
26:24 Squires
27:28 Arson
30:45 Chain Mail Armor
31:48 Hand Cart
32:24 Town Watch
36:58 Imperial Age
37:45 Forging
38:09 Plate Mail Armor
37:51 Forging
37:43 Capped Ram
37:50 Elite Teutonic Knight
39:29 Conscription
43:03 Iron Casting
Why
11:13 Feudal Age
11:58 Double-Bit Axe
12:03 Loom
15:02 Castle Age
13:46 Fletching
25:45 Scale Mail Armor
29:45 Squires
32:01 Wheelbarrow
31:11 Town Watch
32:03 Horse Collar
32:36 Bow Saw
33:02 Gold Mining
33:03 Stone Mining
37:22 Imperial Age
35:38 Herbal Medicine
36:13 Chain Mail Armor
36:40 Heavy Plow
37:01 Forging
38:27 Iron Casting
37:42 Elite Huskarl
38:55 Conscription
39:13 Hand Cart
41:45 Coinage
42:53 Blast Furnace
42:46 Stone Shaft Mining
44:26 Chemistry
44:15 Padded Archer Armor
MongoJuice
10:49 Feudal Age
11:38 Loom
15:32 Castle Age
14:47 Scale Barding Armor
16:14 Double-Bit Axe
17:12 Horse Collar
22:54 Bow Saw
26:11 Bloodlines
26:01 Husbandry
27:41 Fletching
28:38 Bodkin Arrow
29:30 Ballistics
29:05 Gold Mining
29:35 Town Watch
32:29 Wheelbarrow
32:38 Gold Shaft Mining
32:24 Padded Archer Armor
32:57 Heavy Plow
34:29 Leather Archer Armor
38:22 Imperial Age
36:44 Thumb Ring
38:05 Hand Cart
38:41 Stone Mining
38:36 Heavy Cavalry Archer
39:41 Parthian Tactics
39:26 Bracer
41:01 Chemistry
45:22 Light Cavalry
47:11 Forging
Connection lost

Rejoining the realm…

Still unreachable

The connection could not be restored.

Session expired

The server has moved on; the page needs a fresh start.